 Dungeon Crawl Stone Soup version 0.21-a0-94-gdd6ab6a (webtiles) character file.

38 nikopol the Firebug (level 3, 0/19 HPs)
             Began as a Deep Elf Fire Elementalist on July 1, 2017.
             Killed by divine providence
             ... invoked by an orc priest
              (13 damage)
             ... on level 1 of the Dungeon.
             The game lasted 00:03:51 (952 turns).

nikopol the Firebug (Deep Elf Fire Elementalist)     Turns: 952, Time: 00:03:51

Health: 0/19       AC:  2    Str:  5    XL:     3   Next: 25%
Magic:  4/10       EV: 13    Int: 20    God:
Gold:   46         SH:  0    Dex: 15    Spells: 3/9 levels left

rFire    . . .     SeeInvis .   h - +0 dagger
rCold    . . .     Gourm    .   (no shield)
rNeg     . . .     Faith    .   a - +0 robe
rPois    .         Spirit   .   (no helmet)
rElec    .         Reflect  .   (no cloak)
rCorr    .         Harm     .   (no gloves)
MR       .....                  (no boots)
Stlth    ++........             (no amulet)
HPRegen  0.06/turn              (no ring)
MPRegen  0.12/turn              (no ring)

@: no status effects
A: no striking features
a: no special abilities


You were on level 1 of the Dungeon.
You were not hungry.

You visited 1 branch of the dungeon, and saw 1 of its levels.

You collected 46 gold pieces.

Inventory:

Hand Weapons
 h - a +0 dagger (weapon)
Armour
 a - a +0 robe (worn)
Jewellery
 e - an uncursed amulet of regeneration {unknown}
 k - an uncursed ring of protection from fire {unknown}
Scrolls
 d - 2 scrolls of amnesia {unknown}
 f - a scroll of noise {unknown}
 g - a scroll of remove curse {unknown}
 i - a scroll of recharging {unknown}
Potions
 j - a potion of degeneration {unknown}
 l - a potion of berserk rage {unknown}
Books
 b - a book of Flames

   Spells                             Type                      Level
   a - Flame Tongue                   Conjuration/Fire             1
   b - Throw Flame                    Conjuration/Fire             2
   c - Conjure Flame                  Conjuration/Fire             3
   d - Inner Flame                    Hexes/Fire                   3
   e - Sticky Flame                   Conjuration/Fire             4
   f - Fireball                       Conjuration/Fire             5
Comestibles
 c - a bread ration


   Skills:
 + Level 2.7 Dodging
 + Level 2.9 Stealth
 + Level 3.5 Spellcasting
 + Level 1.2 Conjurations
 + Level 4.1 Fire Magic


You had 3 spell levels left.
You knew the following spells:

 Your Spells              Type           Power        Failure   Level  Hunger
a - Flame Tongue          Conj/Fire      ##...        4%          1    None
b - Throw Flame           Conj/Fire      ##....       7%          2    ##.....
c - Conjure Flame         Conj/Fire      ##......     14%         3    ###....


Dungeon Overview and Level Annotations

Branches:
Dungeon (1/15)

Altars:


Message History

The orc priest is moderately wounded.
An orc priest comes into view. It is wielding a mace.
An orc comes into view. It is wielding a flail.
The orc shouts!
The orc priest misses you. The orc hits you with a short sword.
The orc priest barely misses you. The orc misses you. The orc misses you.
The orc priest shouts!
The orc priest begins to cast a cantrip, but forgets the words!
Casting: Throw Flame
Confirm with . or Enter, or press ? or * to list all spells.
Aiming: Flame Tongue
Press: ? - help, Shift-Dir - straight line, f - orc
Aim: an orc, wielding a flail The flame tongue misses the orc.
The orc priest mumbles some strange prayers to Beogh against you.
Beogh smites you!
Ouch! That really hurt!
You die...

#.#.#.#......#
###.#.#.#......#
#.....#.#......#
###.......#......#########
#.........#...............
#.......o.#.......(..†...(
#.......o..........(.†....
#...)...#o#.#.##..........
#....oo##@#....#..........
#.....###..##..#########.#
#.....# #..##..# #......#
#.....###......####.######
#......###..#...........#
#......# ##.#...........#
#......# #.#...........#
######## #.#...........#
#.#...........##


You could see an orc priest and 2 orcs.

Vanquished Creatures
  A gnoll (D:1)
  An ooze (D:1)
  A dart slug (D:1)
  3 bats (D:1)
  A giant cockroach (D:1)
  A goblin (D:1)
  A hobgoblin (D:1)
  4 jackals (D:1)
  2 kobolds (D:1)
  4 frilled lizards (D:1)
  4 rats (D:1)
23 creatures vanquished.

Notes
Turn   | Place    | Note
-------+----------+-------------------------------------------
     0 | D:1      | nikopol the Deep Elf Fire Elementalist began the quest for the Orb.
     0 | D:1      | Reached XP level 1. HP: 10/10 MP: 6/6
    36 | D:1      | Reached XP level 2. HP: 9/15 MP: 1/8
   186 | D:1      | Learned a level 2 spell: Throw Flame
   322 | D:1      | Reached skill level 4 in Fire Magic
   474 | D:1      | Reached XP level 3. HP: 19/19 MP: 2/9
   926 | D:1      | Learned a level 3 spell: Conjure Flame
   952 | D:1      | Killed from afar by an orc priest

Vault maps used:
D:1:      ncdulo_smallfort

Skill      XL: |  1  2 |
---------------+-------+-----
Fire Magic     | 4 |  4.1
Dodging        | |  2.7
Stealth        | |  2.9
Spellcasting   | |  3.5
Conjurations   | |  1.2

Action                   || total
-------------------------++-------
 Cast: Flame Tongue      ||    47
       Throw Flame       ||     3
Armor: Robe              ||     4
Dodge: Dodged            ||    31
